[Event "Titled Tuesday Blitz November 07 Late 2023"]
[White "Pinto, Daniel"]
[Black "Jamal-Jamal-Jamal"]
[WhiteFideId "3303144"]
[WhiteElo "2506"]
[BlackElo "2352"]
[Result "1-0"]
[Round "8"]
[TimeControl "180+1"]
[Date "2023.11.07"]
[WhiteClock "0:00:19"]
[BlackClock "0:01:00"]
[Board "68"]

1. Nf3 Nf6 2. g3 b6 3. Bg2 Bb7 4. O-O e6 5. c4 Be7 6. d4 O-O 7. Nc3 Ne4 8. Nxe4 Bxe4 9. Bh3 d6 10. Nd2 Bb7 11. e4 Nd7 12. b3 f5 13. Bb2 g6 14. d5 Nf6 15. exf5 exf5 16. Nf3 Ne4 17. Nd4 Bc8 18. Nc6 Qd7 19. Re1 Bf6 20. Bxf6 Nxf6 21. Re7 Bb7 22. Rxd7 Nxd7 23. Nd4 Nc5 24. Qd2 Rae8 25. Re1 Ne4 26. Qc1 Bc8 27. f3 Nc5 28. Qd2 Bd7 29. b4 Rxe1+ 30. Qxe1 Re8 31. Qd2 Nb7 32. Ne6 Bxe6 33. dxe6 Nd8 34. f4 Nxe6 35. Bg2 Kf8 36. Qc3 Ng7 37. Qf6+ Kg8 38. Bd5+ Kh8 39. Kf2 a5 40. a3 axb4 41. axb4 c5 42. b5 h5 43. Qxg6 Rd8 44. Qh6# 1-0


[Site "https://www.chess.com"]

[Event "Titled Tuesday Blitz November 07 Late 2023"]
[White "Ramadoss, Ashokkumar"]
[Black "Urbina Perez, Juan Antonio"]
[WhiteFideId "5040990"]
[BlackFideId "2217368"]
[WhiteElo "2343"]
[BlackElo "2505"]
[Result "1-0"]
[Round "8"]
[TimeControl "180+1"]
[Date "2023.11.07"]
[WhiteClock "0:00:10"]
[BlackClock "0:00:43"]
[Board "69"]

1. Nf3 d5 2. c4 c6 3. Qc2 Nf6 4. d4 dxc4 5. Qxc4 Bf5 6. Nc3 e6 7. g3 Ne4 8. Bg2 Nd7 9. O-O Nb6 10. Qb3 Nxc3 11. bxc3 Be4 12. a4 Bd5 13. Qc2 Be7 14. a5 Nd7 15. a6 b6 16. c4 Bxf3 17. Bxf3 Rc8 18. Rd1 O-O 19. e4 Re8 20. e5 Qc7 21. Be4 g6 22. f4 c5 23. d5 exd5 24. cxd5 Nxe5 25. fxe5 Qxe5 26. Bf4 Qf6 27. d6 Rcd8 28. dxe7 Rd4 29. Bg2 Rxe7 30. Re1 Rd8 31. Rad1 Rxe1+ 32. Rxe1 Qd4+ 33. Qf2 Qb4 34. Be5 Re8 35. Rf1 Qc4 36. Qf6 Rxe5 37. Qxe5 Qxa6 38. Bd5 Qd3 39. Bxf7+ Kf8 40. Bxg6+ Kg8 41. Bxd3 1-0


[Site "https://www.chess.com"]

[Event "Titled Tuesday Blitz November 07 Late 2023"]
[White "Bazzano, Sebastian"]
[Black "Reprintsev, Alexander"]
[WhiteFideId "104566"]
[BlackFideId "14100541"]
[WhiteElo "2268"]
[BlackElo "2502"]
[Result "0-1"]
[Round "8"]
[TimeControl "180+1"]
[Date "2023.11.07"]
[WhiteClock "0:00:00"]
[BlackClock "0:01:28"]
[Board "70"]

1. d4 d5 2. Bf4 Nf6 3. e3 c5 4. c3 Qb6 5. Qb3 c4 6. Qc2 g6 7. Nd2 Bf5 8. Qc1 Bg7 9. Ngf3 Nc6 10. h3 O-O 11. Be2 Nd7 12. O-O e5 13. dxe5 Ndxe5 14. Nxe5 Nxe5 15. Bxe5 Bxe5 16. e4 dxe4 17. Nxc4 Qe6 18. Nxe5 Qxe5 19. Qe3 Rfe8 20. Rfd1 b6 21. Rd4 h5 22. Rad1 h4 23. Qg5 Qe7 24. Qxe7 Rxe7 25. Rd8+ Rxd8 26. Rxd8+ Kg7 27. Bc4 e3 28. fxe3 Rxe3 29. Kf2 Re7 30. Bd3 Be6 31. a3 g5 32. c4 Rc7 33. Rd4 f5 34. b3 Kf6 35. Rd8 b5 36. cxb5 Bxb3 37. Rf8+ Bf7 38. Ke3 Ke5 39. Rd8 f4+ 40. Kd2 Bd5 41. Re8+ Kf6 42. Re2 Rd7 43. Kc3 Bb7 44. a4 Rg7 45. Bc4 g4 0-1


[Site "https://www.chess.com"]

[Event "Titled Tuesday Blitz November 07 Late 2023"]
[White "Chigaev, Maksim"]
[Black "Pavlidou, Ekaterini"]
[WhiteFideId "4108116"]
[BlackFideId "4213262"]
[WhiteElo "2871"]
[BlackElo "2357"]
[Result "1-0"]
[Round "8"]
[TimeControl "180+1"]
[Date "2023.11.07"]
[WhiteClock "0:00:47"]
[BlackClock "0:00:03"]
[Board "71"]

1. Nf3 c5 2. g3 Nc6 3. Bg2 e5 4. O-O d5 5. d3 h6 6. c3 Nf6 7. a3 a5 8. a4 Be7 9. Na3 Be6 10. e4 d4 11. Qc2 Rc8 12. Nc4 Qc7 13. Nh4 g6 14. f4 Bxc4 15. dxc4 Ng4 16. Qe2 h5 17. Nf3 exf4 18. gxf4 Qd7 19. h3 Nh6 20. Bd2 d3 21. Qe3 f5 22. Rad1 O-O 23. Bc1 Rcd8 24. e5 Rfe8 25. b3 Bf8 26. Ne1 Nf7 27. Rxd3 Qe7 28. Rd5 Nb8 29. Nd3 Nc6 30. Rd1 b6 31. Bd2 h4 32. Be1 Bh6 33. Bf2 g5 34. Kh1 gxf4 35. Qe2 Ncxe5 36. Nxe5 Nxe5 37. Rxd8 Rxd8 38. Rxd8+ Qxd8 39. Qxe5 Qd1+ 40. Kh2 f3 41. Bh1 Bg7 42. Qd5+ Qxd5 43. cxd5 Be5+ 44. Kg1 Bxc3 45. Bxf3 Kf7 46. Bxh4 Bb4 47. Be2 Ke8 48. Bc4 Kd7 49. Kf2 Kd6 50. Kf3 Bd2 51. Bg3+ Kd7 52. Bf4 1-0


[Site "https://www.chess.com"]

[Event "Titled Tuesday Blitz November 07 Late 2023"]
[White "Villarreal, Agustin"]
[Black "Mekhitarian, Krikor Sevag"]
[WhiteFideId "125687"]
[BlackFideId "2107660"]
[WhiteElo "2422"]
[BlackElo "2732"]
[Result "0-1"]
[Round "8"]
[TimeControl "180+1"]
[Date "2023.11.07"]
[WhiteClock "0:00:03"]
[BlackClock "0:00:06"]
[Board "72"]

1. d4 Nf6 2. Nf3 g6 3. c4 Bg7 4. Nc3 d5 5. Bg5 dxc4 6. e4 c5 7. d5 b5 8. e5 b4 9. exf6 exf6 10. Qe2+ Kf8 11. Be3 bxc3 12. Bxc5+ Kg8 13. bxc3 Nd7 14. Bd4 Nb6 15. g3 Bf5 16. Bg2 Bd3 17. Qe3 Nxd5 18. Qd2 h5 19. Kd1 Rb8 20. Ne1 Bf5 21. h3 Bh6 22. f4 h4 23. Rf1 hxg3 24. a4 Rb3 25. a5 Kh7 26. h4 Nxc3+ 27. Bxc3 Rxc3 28. h5 gxh5 29. Rh1 Bxf4 30. Qxd8 Rxd8+ 31. Ke2 Kg6 32. Bf3 Re8+ 33. Kf1 Rxe1+ 34. Rxe1 Rxf3+ 35. Kg1 Kg5 36. Re8 c3 37. Rf8 Bg6 38. Rc8 c2 39. Rc5+ Kg4 40. Kg2 Rf2+ 41. Kg1 Be3 42. Rc4+ Kg5 43. Rhh4 Rh2+ 44. Kf1 Bd3+ 45. Ke1 Bd2# 0-1


[Site "https://www.chess.com"]

[Event "Titled Tuesday Blitz November 07 Late 2023"]
[White "bettercallcafu"]
[Black "Novikova, Galina"]
[BlackFideId "4157095"]
[WhiteElo "2714"]
[BlackElo "2420"]
[Result "1-0"]
[Round "8"]
[TimeControl "180+1"]
[Date "2023.11.07"]
[WhiteClock "0:00:15"]
[BlackClock "0:00:00"]
[Board "73"]

1. d4 d5 2. Nc3 e6 3. Bf4 Bd6 4. Bxd6 cxd6 5. Nf3 Nf6 6. e3 O-O 7. Bd3 Nc6 8. O-O e5 9. dxe5 dxe5 10. e4 Bg4 11. exd5 Nd4 12. Be2 Nxe2+ 13. Qxe2 Nxd5 14. Qxe5 Bxf3 15. gxf3 Nxc3 16. Qxc3 Rc8 17. Qb3 Qd2 18. c3 Rc6 19. Qb4 Rb6 20. Qe7 Rg6+ 21. Kh1 Qf4 22. Qe4 Qd2 23. Rab1 b6 24. Qe3 Qd6 25. Rbd1 Qc7 26. Rg1 h6 27. Rg4 Qc6 28. Rdg1 Re8 29. Qd3 Ree6 30. Rxg6 fxg6 31. Rg3 Kh7 32. Kg2 Rd6 33. Qe4 Qd7 34. h4 h5 35. Rg5 Kg8 36. Rxg6 Rxg6+ 37. Qxg6 Qd5 38. Qe8+ Kh7 39. Qe4+ Qxe4 40. fxe4 1-0


[Site "https://www.chess.com"]

[Event "Titled Tuesday Blitz November 07 Late 2023"]
[White "Carrasco Miranda, Andres"]
[Black "Tokhirjonova, Gulrukhbegim"]
[WhiteFideId "3405990"]
[BlackFideId "14203626"]
[WhiteElo "2415"]
[BlackElo "2627"]
[Result "0-1"]
[Round "8"]
[TimeControl "180+1"]
[Date "2023.11.07"]
[WhiteClock "0:00:10"]
[BlackClock "0:00:22"]
[Board "74"]

1. c4 Nf6 2. g3 e6 3. Bg2 d5 4. Nf3 c5 5. O-O Nc6 6. d4 dxc4 7. dxc5 Bxc5 8. Qxd8+ Nxd8 9. Nbd2 c3 10. bxc3 O-O 11. Nb3 Bb6 12. c4 Nc6 13. Bb2 Bd7 14. Rfd1 Rfd8 15. Ne5 Nxe5 16. Bxe5 Bxf2+ 17. Kxf2 Ng4+ 18. Ke1 Nxe5 19. Bxb7 Rab8 20. Ba6 Kf8 21. c5 Ke7 22. Rac1 Bc8 23. Rxd8 Kxd8 24. Bd3 Bb7 25. Nd4 Bd5 26. c6 Rc8 27. Ba6 Rc7 28. Bb7 Bc4 29. a4 a6 30. a5 Ke7 31. Nf3 Nxf3+ 32. exf3 Bd5 33. Bxa6 Rxc6 34. Rxc6 Bxc6 35. f4 Kd6 36. Bd3 Kc5 37. Kf2 h6 38. Ke3 f6 39. h4 Kb4 40. a6 Ka5 41. Be4 Bxe4 42. Kxe4 Kxa6 43. f5 e5 44. Kd5 Kb5 45. Ke6 e4 46. Kf7 e3 47. Kxg7 e2 48. Kxf6 e1=Q 49. Kf7 Qxg3 0-1


[Site "https://www.chess.com"]

[Event "Titled Tuesday Blitz November 07 Late 2023"]
[White "Janaszak, Dawid"]
[Black "Polaczek, Richard"]
[WhiteFideId "1119206"]
[BlackFideId "200026"]
[WhiteElo "2614"]
[BlackElo "2414"]
[Result "1-0"]
[Round "8"]
[TimeControl "180+1"]
[Date "2023.11.07"]
[WhiteClock "0:01:48"]
[BlackClock "0:00:12"]
[Board "75"]

1. Nf3 d5 2. e3 c5 3. c4 Nf6 4. cxd5 Nxd5 5. Nc3 Nxc3 6. bxc3 g6 7. h4 Bg7 8. h5 O-O 9. hxg6 hxg6 10. Qa4 e6 11. Ba3 Nd7 12. Qf4 Qa5 13. Qh2 Nf6 14. Bb2 Rd8 15. c4 b6 16. Bc3 Qa4 17. Ng5 Rd7 18. Ne4 Nh5 19. Bxg7 Kxg7 20. g4 Bb7 21. gxh5 Bxe4 22. Qe5+ 1-0


[Site "https://www.chess.com"]

[Event "Titled Tuesday Blitz November 07 Late 2023"]
[White "Inepton_Fermion"]
[Black "GatoRojo150"]
[WhiteElo "2408"]
[BlackElo "2595"]
[Result "1-0"]
[Round "8"]
[TimeControl "180+1"]
[Date "2023.11.07"]
[WhiteClock "0:00:03"]
[BlackClock "0:00:19"]
[Board "76"]

1. Nf3 d5 2. b3 c5 3. e3 Nc6 4. Bb5 Bd7 5. Bb2 Nf6 6. O-O e6 7. d4 cxd4 8. exd4 Ne4 9. Nbd2 f5 10. c4 a6 11. Bxc6 bxc6 12. Nxe4 fxe4 13. Ne5 g6 14. f3 e3 15. Qd3 Bh6 16. Bc1 O-O 17. Bxe3 Bg7 18. Qd2 a5 19. Bh6 Qe7 20. Bxg7 Qxg7 21. Rfe1 a4 22. Qc3 Be8 23. Qb4 Rf4 24. Qc5 h5 25. Nd3 Qxd4+ 26. Qxd4 Rxd4 27. Ne5 Rd2 28. Red1 Rb2 29. Rdb1 Re2 30. Re1 Rxe1+ 31. Rxe1 axb3 32. axb3 Ra3 33. Rb1 Kg7 34. f4 Kf6 35. Kf2 g5 36. g3 Ra2+ 37. Kg1 h4 38. Rf1 gxf4 39. Ng4+ Kg5 40. Rxf4 hxg3 41. hxg3 Rb2 42. cxd5 cxd5 43. b4 Rb3 44. Kg2 Bg6 45. Ne5 Be4+ 46. Kf2 Rxb4 47. Nf7+ Kg6 48. Ne5+ Kg7 49. g4 Rb2+ 50. Kg3 Rg2+ 51. Kh4 Rg1 52. Kg5 Kg8 53. Rf6 d4 54. Rxe6 d3 55. Rd6 Rg2 56. Rd8+ Kg7 57. Rd7+ Kf8 58. Ng6+ Ke8 59. Re7+ Kd8 60. Rxe4 d2 61. Rd4+ Kc7 62. Nf4 Kb6 63. Nxg2 d1=Q 64. Rxd1 1-0


[Site "https://www.chess.com"]

[Event "Titled Tuesday Blitz November 07 Late 2023"]
[White "PapaieDudu"]
[Black "Toncheva, Nadya"]
[BlackFideId "2924056"]
[WhiteElo "2383"]
[BlackElo "2551"]
[Result "0-1"]
[Round "8"]
[TimeControl "180+1"]
[Date "2023.11.07"]
[WhiteClock "0:00:25"]
[BlackClock "0:00:26"]
[Board "77"]

1. e4 c5 2. Nf3 Nc6 3. d4 cxd4 4. c3 d3 5. Bxd3 g6 6. O-O Bg7 7. Re1 Nf6 8. e5 Ng4 9. Bf4 O-O 10. h3 Nh6 11. Qd2 Nf5 12. g4 d6 13. gxf5 dxe5 14. Nxe5 Nxe5 15. Bxe5 Bxf5 16. Bxg7 Kxg7 17. Bxf5 gxf5 18. Qf4 e6 19. Nd2 Rg8 20. Nf3 Kh8+ 21. Kh2 Qb6 22. Re2 Rad8 23. Rg1 Rxg1 24. Kxg1 Qa6 25. Qe5+ Kg8 26. Qg3+ Kh8 27. Ne5 Rd1+ 28. Kh2 h6 29. Nxf7+ Kh7 30. Qh4 Qxe2 31. Qxh6+ Kg8 32. Qg6+ Kf8 33. Qh6+ Kxf7 34. Qh7+ Ke8 35. Qg8+ Kd7 36. Qf7+ Kc8 37. Qf8+ Rd8 38. Qc5+ Kb8 39. Qe5+ Qxe5+ 0-1


[Site "https://www.chess.com"]

[Event "Titled Tuesday Blitz November 07 Late 2023"]
[White "Khater, Sherif"]
[Black "Hoffmann, Asa"]
[WhiteFideId "2034280"]
[BlackFideId "2001470"]
[WhiteElo "2488"]
[BlackElo "2373"]
[Result "1-0"]
[Round "8"]
[TimeControl "180+1"]
[Date "2023.11.07"]
[WhiteClock "0:00:23"]
[BlackClock "0:00:18"]
[Board "79"]

1. d4 Nf6 2. Bg5 e6 3. e4 d6 4. Nd2 Be7 5. Bd3 Nc6 6. Ngf3 e5 7. dxe5 dxe5 8. Qe2 Bg4 9. c3 Qd7 10. O-O-O O-O-O 11. h3 Qxd3 12. Qxd3 Rxd3 13. hxg4 Nxg4 14. Bxe7 Nxe7 15. Rdf1 f6 16. Rh4 Nh6 17. Kc2 Rhd8 18. Nb3 b6 19. Nfd4 Ng6 20. Rxh6 exd4 21. Rxh7 dxc3 22. bxc3 R3d7 23. Nd4 Kb7 24. Nf5 Rg8 25. Rd1 Rf7 26. Rdh1 Nf8 27. Rh8 Rxh8 28. Rxh8 Ne6 29. f3 g6 30. Nd4 Nc5 31. Rg8 g5 32. Nb3 Ne6 33. Nd4 Nf4 34. g3 Ng2 35. Rh8 Ne3+ 36. Kd3 Nf1 37. Rh3 c5 38. Nf5 Rd7+ 39. Ke2 Nd2 40. Rh6 Nb1 41. Rxf6 Nxc3+ 42. Ke3 Nxa2 43. e5 Nc3 44. Nd6+ Ka6 45. Rg6 b5 46. Ne4+ Ka5 47. Nxc3 b4 48. Ne4 c4 49. e6 Re7 50. Kd4 b3 51. Kc3 Ka4 52. f4 gxf4 53. gxf4 Ka3 54. Nd2 b2 55. Nxc4+ Ka2 56. Nxb2 Rc7+ 57. Nc4 a5 58. f5 a4 59. f6 1-0


[Site "https://www.chess.com"]

[Event "Titled Tuesday Blitz November 07 Late 2023"]
[White "Cristi_Coca"]
[Black "Becerra, Juan David"]
[BlackFideId "4404998"]
[WhiteElo "2478"]
[BlackElo "2371"]
[Result "1-0"]
[Round "8"]
[TimeControl "180+1"]
[Date "2023.11.07"]
[WhiteClock "0:00:22"]
[BlackClock "0:00:00"]
[Board "80"]

1. e4 e6 2. d4 d5 3. Nc3 Bb4 4. exd5 exd5 5. Bd3 Nc6 6. Nf3 Nge7 7. O-O Bf5 8. Bxf5 Nxf5 9. Re1+ Be7 10. Ne2 Qd7 11. c3 h5 12. Ng3 f6 13. Nxf5 Qxf5 14. Nh4 Qh7 15. b4 g5 16. b5 Na5 17. Nf3 O-O-O 18. Qa4 b6 19. c4 g4 20. Nh4 f5 21. Nxf5 Qxf5 22. Rxe7 dxc4 23. Bd2 Rhf8 24. Rf1 Qf6 25. Rh7 Rxd4 26. Bxa5 bxa5 27. g3 Qb6 28. Qc2 Qxb5 29. Qg6 Rd6 30. Qg7 1-0


[Site "https://www.chess.com"]

[Event "Titled Tuesday Blitz November 07 Late 2023"]
[White "Skaric, Djuro"]
[Black "Hajiyev, Kanan"]
[WhiteFideId "934569"]
[BlackFideId "13404148"]
[WhiteElo "2364"]
[BlackElo "2478"]
[Result "0-1"]
[Round "8"]
[TimeControl "180+1"]
[Date "2023.11.07"]
[WhiteClock "0:00:36"]
[BlackClock "0:00:07"]
[Board "81"]

1. g3 c6 2. Bg2 d5 3. d3 Nf6 4. Nf3 g6 5. O-O Bg7 6. h3 O-O 7. Nc3 b6 8. e4 dxe4 9. dxe4 Qxd1 10. Rxd1 Bb7 11. Be3 Na6 12. Nd4 Rad8 13. a3 Nc7 14. f4 e5 15. Nf3 exf4 16. gxf4 c5 17. Ne5 Ne6 18. Ng4 Nh5 19. f5 Nd4 20. Bxd4 Bxd4+ 21. Kh2 Nf4 22. Kg3 Nxg2 23. Kxg2 Bxc3 24. bxc3 Bxe4+ 25. Kg3 Bxc2 26. Rxd8 Rxd8 27. f6 Rd3+ 28. Kf4 Rxc3 29. Re1 h5 30. Ne5 Bb3 31. Kg5 Kh7 32. h4 Be6 33. Rd1 Rg3+ 34. Kf4 Rxa3 35. Rd8 Ra1 36. Nf3 Rf1 37. Ke3 Rxf3+ 38. Kxf3 b5 39. Re8 b4 40. Kf4 b3 41. Rb8 c4 42. Ke3 a5 43. Kd4 a4 44. Kc3 a3 45. Ra8 a2 46. Kb2 Bd5 47. Ra5 Be6 48. Rc5 Kh6 49. Ka1 g5 50. hxg5+ Kg6 51. Kb2 h4 52. Re5 h3 53. Re2 Kxg5 54. Rf2 Kg4 55. Re2 Bd5 56. Rd2 Bg2 57. Rd4+ Kg3 58. Rxc4 h2 59. Rc3+ Bf3 60. Rc1 h1=Q 61. Rxh1 Bxh1 0-1


[Site "https://www.chess.com"]

[Event "Titled Tuesday Blitz November 07 Late 2023"]
[White "Meduri, Aakaash"]
[Black "Harriott, Tyrell"]
[WhiteFideId "2032252"]
[BlackFideId "2086484"]
[WhiteElo "2464"]
[BlackElo "2358"]
[Result "1-0"]
[Round "8"]
[TimeControl "180+1"]
[Date "2023.11.07"]
[WhiteClock "0:01:15"]
[BlackClock "0:01:04"]
[Board "82"]

1. c4 e6 2. g3 d5 3. Bg2 c6 4. d3 f5 5. cxd5 exd5 6. Nf3 Nf6 7. O-O Bd6 8. b3 O-O 9. Bb2 f4 10. Nbd2 fxg3 11. hxg3 Ng4 12. e4 Qe8 13. Nh4 Qh5 14. f4 g5 15. fxg5 Bxg3 16. Rxf8+ Kxf8 17. Qf3+ Ke8 18. Qxg3 Qxg5 19. Nf1 Na6 20. exd5 cxd5 21. Re1+ Kd8 22. Bc1 Qg7 23. Qd6+ Bd7 24. Nf5 Qf7 25. Bg5+ Kc8 26. Re7 Qxf5 27. Re8+ 1-0


[Site "https://www.chess.com"]

[Event "Titled Tuesday Blitz November 07 Late 2023"]
[White "Marcziter, Dmitrii"]
[Black "szachmistrz2500"]
[WhiteFideId "13900765"]
[WhiteElo "2348"]
[BlackElo "2450"]
[Result "1-0"]
[Round "8"]
[TimeControl "180+1"]
[Date "2023.11.07"]
[WhiteClock "0:01:32"]
[BlackClock "0:01:31"]
[Board "83"]

1. e4 c5 2. d4 cxd4 3. c3 dxc3 4. Nxc3 Nc6 5. Nf3 e6 6. Bf4 Nge7 7. Bd3 Ng6 8. Bg3 a6 9. O-O Be7 10. Qe2 b5 11. Rfe1 O-O 12. Rad1 d6 13. Bb1 Bb7 14. e5 d5 15. h4 b4 16. Ne4 Nxh4 17. Nxh4 Bxh4 18. Qh5 f5 19. Bxh4 Qc7 20. Ng5 h6 21. Nxe6 Qf7 22. Qxf7+ Rxf7 23. Nc5 1-0


[Site "https://www.chess.com"]

[Event "Titled Tuesday Blitz November 07 Late 2023"]
[White "ExchangeAB"]
[Black "Dwilewicz, Katarzyna"]
[BlackFideId "1148486"]
[WhiteElo "2440"]
[BlackElo "2357"]
[Result "0-1"]
[Round "8"]
[TimeControl "180+1"]
[Date "2023.11.07"]
[WhiteClock "0:00:12"]
[BlackClock "0:00:22"]
[Board "84"]

1. Nf3 c5 2. e3 Nc6 3. b3 d6 4. Bb2 e5 5. d3 f5 6. g3 Nf6 7. Bg2 Be7 8. O-O O-O 9. h3 Be6 10. e4 f4 11. gxf4 exf4 12. Nbd2 Nd7 13. Nc4 Nde5 14. Kh2 Qe8 15. Ncxe5 dxe5 16. Nxe5 Bd6 17. Nf3 Qh5 18. Rh1 Rae8 19. Kg1 Bd7 20. Kf1 Re6 21. h4 Rg6 22. Bh3 Bxh3+ 23. Rxh3 Qg4 24. Rh2 Re8 25. h5 Rh6 26. Ke2 Rxh5 27. Rxh5 Qxh5 28. Qh1 Qxh1 29. Rxh1 h6 30. Nd2 b5 31. f3 Re6 32. c3 g5 33. d4 Rg6 34. d5 Ne5 35. c4 b4 36. a3 a5 37. axb4 axb4 38. Rg1 h5 39. Nf1 g4 40. Nh2 g3 41. Nf1 h4 42. Nh2 gxh2 43. Rh1 Rg2+ 0-1


[Site "https://www.chess.com"]

[Event "Titled Tuesday Blitz November 07 Late 2023"]
[White "Mazurkiewicz, Michal"]
[Black "Jarocka, Liwia"]
[WhiteFideId "1124943"]
[BlackFideId "21807558"]
[WhiteElo "2439"]
[BlackElo "2346"]
[Result "0-1"]
[Round "8"]
[TimeControl "180+1"]
[Date "2023.11.07"]
[WhiteClock "0:00:00"]
[BlackClock "0:00:20"]
[Board "85"]

1. e4 d6 2. d4 g6 3. Nc3 Bg7 4. f4 Nf6 5. Nf3 O-O 6. e5 Ne8 7. Be3 c6 8. a4 Nd7 9. Ne4 Nb6 10. a5 Nd5 11. Bd2 Bf5 12. Ng3 Bg4 13. c4 Ndc7 14. h3 Bxf3 15. Qxf3 dxe5 16. dxe5 Ne6 17. Be3 Nd4 18. Qd1 c5 19. Ne4 Rc8 20. Nxc5 Nf5 21. Qxd8 Rxd8 22. Bf2 Nc7 23. Be2 Nd4 24. Bd1 b6 25. axb6 axb6 26. Nb3 Nce6 27. O-O Nxb3 28. Bxb3 Rd2 29. Rab1 Nxf4 30. Be3 Rxg2+ 31. Kh1 Rg3 32. Bxf4 Rxh3+ 33. Kg2 Rxb3 34. Rfd1 h6 35. Rd7 e6 36. Bg3 Rc8 37. Rf1 Rxb2+ 38. Kh3 Rf8 39. Rfd1 Rc2 40. Rd8 Rxc4 41. Rxf8+ Bxf8 42. Rd7 Bc5 43. Bh4 Rd4 44. Rb7 Rd3+ 45. Kg4 g5 46. Bf2 Bxf2 47. Kh5 Rh3+ 48. Kg4 Rh4+ 49. Kf3 Bc5 50. Kg2 Kg7 51. Rb8 Kg6 52. Rb7 Re4 0-1


[Site "https://www.chess.com"]

[Event "Titled Tuesday Blitz November 07 Late 2023"]
[White "Weisz, Bryan"]
[Black "patzersame"]
[WhiteFideId "30934133"]
[WhiteElo "2436"]
[BlackElo "2337"]
[Result "0-1"]
[Round "8"]
[TimeControl "180+1"]
[Date "2023.11.07"]
[WhiteClock "0:00:08"]
[BlackClock "0:00:15"]
[Board "86"]

1. c3 b5 2. a4 bxa4 3. e4 Bb7 4. Rxa4 Bc6 5. Rd4 e5 6. Rd3 Bc5 7. Rg3 Bxe4 8. b4 Bb6 9. Na3 Nf6 10. Rxg7 Bg6 11. d4 exd4 12. Qf3 Nc6 13. Bg5 Qe7+ 14. Kd1 Bh5 15. g4 Bxg4 16. Qxg4 Nxg4 17. Bxe7 Nxf2+ 18. Ke1 dxc3 19. Bc5 Nxh1 20. Bg2 O-O-O 21. Bxh1 Bxc5 22. bxc5 Rde8+ 23. Kd1 Rhg8 24. Rxg8 Rxg8 25. Ne2 Nb4 26. Be4 Rg4 27. Nxc3 Rh4 28. Nab5 a6 29. Nd4 Rxh2 30. Nf3 Rg2 31. Ne5 Rg3 32. Kd2 f6 33. Nf3 f5 34. Ba8 c6 35. Ne5 Kb8 36. Bxc6 dxc6 37. Ne2 Ra3 38. Nd4 h5 39. Nxf5 Ra2+ 40. Kc3 Nd5+ 41. Kd4 Kc7 42. Nc4 Ra4 43. Kd3 Nf4+ 44. Kc3 Ne6 45. Kb3 Nxc5+ 46. Kc3 Ne6 47. Ncd6 Rg4 48. Ne8+ Kb6 49. Nfd6 h4 50. Nc8+ Ka5 51. Ned6 Rg3+ 52. Kc4 Rg4+ 53. Kb3 h3 54. Nc4+ Rxc4 55. Kxc4 h2 56. Ne7 h1=Q 57. Nxc6+ Qxc6+ 58. Kb3 Qb5+ 59. Ka3 Qb4+ 60. Ka2 Kb5 61. Ka1 Kc4 62. Ka2 Kc3 63. Ka1 Qb2# 0-1


[Site "https://www.chess.com"]

[Event "Titled Tuesday Blitz November 07 Late 2023"]
[White "Estrada Nieto, Julian"]
[Black "Romero Ruscalleda, Josep"]
[WhiteFideId "5101018"]
[BlackFideId "2231859"]
[WhiteElo "2435"]
[BlackElo "2323"]
[Result "1-0"]
[Round "8"]
[TimeControl "180+1"]
[Date "2023.11.07"]
[WhiteClock "0:01:26"]
[BlackClock "0:01:38"]
[Board "87"]

1. e4 g6 2. d4 Bg7 3. Nf3 d6 4. Nc3 a6 5. a4 Nc6 6. Be2 e5 7. dxe5 Nxe5 8. Nxe5 Bxe5 9. Be3 Bg7 10. O-O Ne7 11. Bd4 O-O 12. Bxg7 Kxg7 13. Qd4+ f6 14. f4 Nc6 15. Qf2 Be6 16. Rad1 f5 17. e5 Qe7 18. exd6 cxd6 19. Bf3 Rad8 20. Rfe1 Qf7 21. Nd5 Bxd5 22. Bxd5 Qf6 23. c3 Rfe8 24. Qb6 Qh4 25. Qxb7+ Ne7 26. g3 Qf6 27. Re6 Qf8 28. Rde1 Rb8 29. Rxe7+ Rxe7 30. Qxe7+ Qxe7 31. Rxe7+ Kh8 32. Bb7 a5 33. b4 axb4 34. cxb4 Kg8 35. a5 Kf8 36. Rxh7 1-0


[Site "https://www.chess.com"]

[Event "Titled Tuesday Blitz November 07 Late 2023"]
[White "Fernandez Bustamante, Leancy B."]
[Black "Pace, Christopher"]
[WhiteFideId "3523870"]
[BlackFideId "2610167"]
[WhiteElo "2343"]
[BlackElo "2426"]
[Result "1/2-1/2"]
[Round "8"]
[TimeControl "180+1"]
[Date "2023.11.07"]
[WhiteClock "0:00:08"]
[BlackClock "0:00:17"]
[Board "88"]

1. e4 e5 2. Nf3 Nc6 3. Nc3 Nf6 4. Bb5 d6 5. d4 exd4 6. Nxd4 Bd7 7. Bxc6 bxc6 8. O-O Be7 9. b3 O-O 10. Bb2 Re8 11. f4 c5 12. Nf5 Bxf5 13. exf5 Qd7 14. Qd3 d5 15. Rad1 d4 16. Ne2 Nd5 17. Rf3 Bf6 18. Ng3 Qc6 19. Nh5 Nb4 20. Qc4 Qd5 21. Nxf6+ gxf6 22. Qxd5 Nxd5 23. Ba3 Re2 24. Rf2 Rxf2 25. Kxf2 Nc3 26. Re1 Rd8 27. Bxc5 d3 28. cxd3 Nxa2 29. d4 Nc3 30. Re7 Nd5 31. Re1 a5 32. Kf3 c6 33. Ra1 Kg7 34. Rxa5 Re8 35. Ra7 Re3+ 36. Kf2 Rxb3 37. Ra6 Rb2+ 38. Kg3 Rb3+ 39. Kf2 Nxf4 40. g3 Nd3+ 41. Kg2 Nxc5 42. dxc5 Rc3 43. Rxc6 Rc2+ 44. Kh3 Rc3 45. Rc7 Kh6 46. c6 Kg5 47. Rxf7 Rxc6 48. Rxh7 Kxf5 49. Rh5+ Kg6 50. Ra5 Rc2 51. Kg4 Rxh2 52. Ra6 Rc2 53. Ra5 Rc4+ 54. Kf3 Rc3+ 55. Kf4 Rc4+ 56. Kf3 Rc6 57. Rb5 Kf7 58. Kf4 Ke6 59. Rb4 Rc3 60. Ra4 Kf7 61. Ra6 Kg6 62. Kg4 Rc4+ 63. Kf3 Kg5 64. Ra5+ f5 65. Rb5 Rc3+ 66. Kf2 Kg4 67. Rb4+ Kg5 68. Rf4 Ra3 69. Kg2 Ra2+ 70. Kf3 Ra1 71. Kg2 Ra2+ 72. Kh3 Ra3 73. Rb4 Ra1 74. Rb3 Rh1+ 75. Kg2 Rh8 76. Rb4 Re8 77. Ra4 Re4 78. Rxe4 fxe4 79. Kf2 Kg4 80. Ke3 Kxg3 81. Kxe4 1/2-1/2


[Site "https://www.chess.com"]

[Event "Titled Tuesday Blitz November 07 Late 2023"]
[White "Mesa Cruz, Juan Carlos"]
[Black "Suspenser17"]
[WhiteFideId "6423400"]
[WhiteElo "2307"]
[BlackElo "2426"]
[Result "1-0"]
[Round "8"]
[TimeControl "180+1"]
[Date "2023.11.07"]
[WhiteClock "0:00:05"]
[BlackClock "0:00:27"]
[Board "89"]

1. e4 e5 2. Nf3 Nc6 3. Bc4 Nf6 4. d3 Bc5 5. c3 O-O 6. b4 Bb6 7. a4 a6 8. Qb3 d6 9. Nbd2 Qe7 10. Nf1 h6 11. Ng3 Be6 12. Bxe6 Qxe6 13. Qxe6 fxe6 14. O-O Rad8 15. Nd2 d5 16. a5 Ba7 17. Rb1 g5 18. b5 Nxa5 19. Ba3 Rf7 20. Bb4 Bb6 21. Ra1 dxe4 22. Bxa5 Bxa5 23. Rxa5 Rxd3 24. Ndxe4 Nxe4 25. Nxe4 Rd5 26. c4 Rd4 27. bxa6 bxa6 28. Rxe5 Rxc4 29. Rxe6 a5 30. Nf6+ Kg7 31. Nh5+ Kf8 32. Rfe1 Rd7 33. Rxh6 Rd6 34. Rh8+ Kf7 35. Ra8 a4 36. g3 Rd2 37. Re3 Kg6 38. Rh8 Rcc2 39. Re6+ Kf7 40. Rf6+ Ke7 41. Rh7+ Ke8 42. Rg6 Rxf2 43. Rg8+ Rf8 44. Nf6+ Kd8 45. Rxf8# 1-0


[Site "https://www.chess.com"]

[Event "Titled Tuesday Blitz November 07 Late 2023"]
[White "Aung Thant Zin"]
[Black "hristos03"]
[WhiteFideId "13000063"]
[WhiteElo "2041"]
[BlackElo "2424"]
[Result "1-0"]
[Round "8"]
[TimeControl "180+1"]
[Date "2023.11.07"]
[WhiteClock "0:02:36"]
[BlackClock "0:02:06"]
[Board "90"]

1. e4 c5 2. Nf3 d6 3. d4 cxd4 4. Nxd4 Nf6 5. Nc3 a6 6. g3 e5 7. Nb3 Be7 8. Bg2 O-O 9. O-O b5 10. Bd2 b4 11. Nd5 Nxd5 12. exd5 a5 13. a3 a4 14. axb4 Bb7 15. Na5 Bxd5 16. Bxd5 1-0


[Site "https://www.chess.com"]